Map: Ascension to Aiur LE

Players

Erfeyah - Winner!

  • Race: Terran Terran
  • Spawn Location: 5:00

A.I. 1 (Easy)

  • Race: Terran Terran
  • Spawn Location: 11:00

VOD

Have the link to the VOD?

Description

Time

  • Played on: Nov. 23, 2017, 2:54 p.m.
  • Length: 25:47
Show
View Real Time Build Order
Export as new Build Order

Erfeyah Terran - Winner!

Build Orders:  

Get SALT Encoding   

  13  0:14  SCV  
  13  0:26  SCV  
  14  0:38  Supply Depot  
  14  0:43  SCV  
  15  0:50  Refinery  
  15  1:00  SCV  
  16  1:12  Barracks  
  16  1:28  SCV  
  17  1:40  SCV  
  18  2:00  Supply Depot  
  18  2:03  Supply Depot  
  18  2:05  Marine  
  19  2:23  SCV, Marine  
  21  2:41  Marine  
  22  2:46  Barracks  
  22  2:59  Marine  
  22  3:02  SCV  
  24  3:14  SCV  
  24  3:17  Marine  
  26  3:33  Barracks  
  26  3:34  Command Center  
  26  3:36  SCV  
  27  3:48  SCV  
  28  4:00  Marine x2  
  30  4:18  Marine x2  
  32  4:30  Factory  
  32  4:39  Marine  
  32  4:40  Marine  
  32  4:45  Marine  
  35  4:55  SCV  
  35  4:57  Marine x2  
  38  5:07  SCV  
  38  5:09  SCV  
  40  5:19  SCV  
  41  5:21  SCV  
  42  5:31  SCV  
  43  5:38  Refinery  
  43  5:44  SCV  
  43  5:47  Marine x2  
  43  5:48  Marine  
  47  6:05  Marine  
  47  6:08  Factory Tech Lab  
  46  6:32  Command Center  
  46  6:58  Supply Depot  
  46  7:20  Marine  
  47  7:27  Supply Depot  
  47  7:37  Bunker  
  47  7:44  Marine x2  
  47  7:49  Supply Depot  
  49  8:00  Supply Depot  
  49  8:03  SCV  
  50  8:06  Marine x2  
  50  8:07  Marine  
  50  8:12  Supply Depot  
  53  8:15  SCV  
  54  8:23  Supply Depot  
  54  8:24  Marine x2  
  56  8:34  Supply Depot  
  56  8:45  Starport  
  56  8:56  Supply Depot  
  56  9:19  Supply Depot  
  56  9:31  Marine x3  
  57  9:34  SCV  
  60  9:41  Medivac  
  60  9:42  Supply Depot  
  62  9:46  SCV  
  62  9:49  Marine  
  64  9:56  Marine  
  65  10:11  Medivac  
  65  10:13  Refinery  
  67  10:41  Medivac  
  65  11:11  Medivac  
  67  11:18  Marine x2  
  67  11:19  Marine  
  70  11:36  Marine x3  
  73  11:41  Medivac  
  75  11:54  Marine x3  
  78  12:11  Medivac  
  78  12:12  Marine x3  
  83  12:29  Marine  
  83  12:30  Marine  
  83  12:33  Barracks Tech Lab  
  85  12:41  Medivac  
  87  13:06  Stimpack  
  87  13:11  Medivac  
  89  13:37  Marine x3  
  89  13:41  Medivac  
  94  13:54  Marine  
  94  13:55  Marine x2  
  97  14:11  Medivac  
  97  14:12  Marine x2  
  97  14:13  Marine  
  102  14:30  Marine x3  
  105  14:41  Medivac  
  107  14:48  Marine x2  
  88  15:07  Combat Shields  
  88  15:11  Medivac  
  66  15:32  Marine x3  
  69  15:41  Medivac  
  71  15:50  Marine x3  
  74  16:07  Marine  
  74  16:08  Marine x2  
  74  16:11  Medivac  
  79  16:25  Marine x2  
  79  16:26  Marine  
  82  16:41  Medivac  
  82  16:43  Marine x3  
  87  16:55  Barracks x2  
  87  16:59  Supply Depot  
  87  17:01  Marine x2  
  89  17:10  Supply Depot  
  89  17:11  Medivac  
  89  17:14  Marine  
  92  17:19  Marine x2  
  94  17:32  Marine  
  94  17:36  Marine  
  94  17:37  Marine  
  95  17:41  Medivac  
  95  17:42  Barracks  
  95  17:43  Barracks  
  99  17:50  Marine  
  100  17:54  Marine x2  
  100  17:55  Marine, Barracks  
  103  18:07  Marine  
  103  18:10  Medivac  
  103  18:12  Marine x2  
  107  18:13  Marine x2  
  109  18:25  Marine  
  108  18:30  Marine x3  
  108  18:31  Marine  
  108  18:33  Barracks  
  111  18:40  Medivac  
  113  18:43  Marine  
  113  18:48  Marine x3  
  115  18:49  Marine  
  118  19:01  Marine  
  119  19:06  Marine x4  
  123  19:10  Medivac  
  125  19:19  Marine  
  125  19:23  Marine x2  
  125  19:24  Marine x3  
  131  19:36  Marine  
  132  19:40  Medivac  
  132  19:41  Marine x3  
  132  19:42  Marine x2  
  139  19:54  Marine  
  139  19:59  Marine x2  
  142  20:53  Marine  
  142  21:07  Marine  
  142  21:12  Marine  
  142  21:14  Marine x2  
  142  21:57  Marine  
  142  22:24  Marine  
  142  22:29  Marine  
  142  23:54  Marine x2  
Show
View Real Time Build Order
Export as new Build Order

A.I. 1 (Easy) Terran 

Build Orders:  

Get SALT Encoding   

  12  0:00  SCV  
  13  0:13  SCV  
  14  0:19  Supply Depot  
  14  0:25  SCV  
  15  0:40  SCV  
  15  0:42  Barracks  
  16  0:46  Refinery  
  16  1:10  Supply Depot  
  16  1:21  Refinery  
  16  1:28  Orbital Command  
  16  1:30  Barracks Tech Lab  
  16  1:48  Marauder  
  18  1:54  SCV  
  19  2:06  SCV  
  20  2:09  Marine  
  20  2:14  Supply Depot  
  21  2:19  SCV  
  22  2:26  Marine  
  23  2:31  SCV  
  24  2:43  SCV  
  25  2:45  Marauder  
  27  2:55  SCV  
  28  3:06  Marine  
  29  5:00  SCV, Reaper  
  29  5:02  Supply Depot  
  31  5:10  Factory  
  31  5:12  SCV  
  32  5:24  SCV  
  32  5:27  Supply Depot  
  33  5:32  Marine  
  34  5:37  SCV  
  35  5:50  Marine  
  36  5:58  Starport  
  36  6:04  Command Center  
  36  6:08  Marine  
  30  6:25  Marine  
  31  6:36  Starport Tech Lab  
  31  6:44  Marauder  
  33  6:54  Raven  
  35  7:05  Marauder  
  37  7:17  SCV  
  37  7:22  SCV  
  39  7:26  Reaper  
  39  7:27  Refinery  
  39  7:29  SCV, Refinery  
  41  7:34  SCV  
  42  7:37  Raven  
  42  7:41  SCV  
  45  7:46  SCV  
  46  7:53  SCV  
  48  7:58  SCV, Reaper  
  49  8:05  SCV  
  49  8:10  SCV  
  51  8:18  SCV  
  52  8:22  SCV  
  53  8:30  SCV, Reaper  
  55  8:34  SCV  
  56  8:42  SCV  
  56  8:46  SCV  
  58  8:54  SCV  
  59  8:59  SCV  
  59  9:02  Marine  
  60  9:06  SCV  
  60  9:07  Supply Depot  
  62  9:11  SCV  
  63  9:20  Marine  
  64  9:56  Widow Mine  
  64  9:57  Medivac  
  64  9:58  Supply Depot  
  68  10:00  Engineering Bay  
  68  10:06  Marine  
  69  10:23  Supply Depot  
  69  10:24  Marauder  
  69  10:26  Terran Infantry Weapons Level 1  
  69  10:27  Medivac, Widow Mine  
  75  10:46  Marauder  
  67  10:57  Raven  
  65  11:06  Marine  
  66  11:24  Marine  
  67  11:43  Marauder  
  69  11:52  Command Center  
  69  12:03  Marine  
  70  12:20  Terran Infantry Armor Level 1  
  70  12:21  Marine  
  71  12:39  Marine  
  72  12:57  Marine  
  73  13:05  SCV  
  74  13:09  SCV  
  75  13:14  SCV  
  75  13:15  Marine, Refinery  
  75  13:18  SCV  
  78  13:20  Refinery  
  78  13:33  Marauder  
  80  14:11  Marine  
  80  14:12  Armory  
  81  14:28  Marine  
  82  14:47  Marauder  
  83  14:59  Terran Infantry Armor Level 2  
  79  15:00  Terran Vehicle Weapons Level 1  
  76  15:08  Marine  
  75  15:25  Marine  
  70  15:30  Raven  
  66  15:43  Marine  
  67  16:02  Marauder  
  69  16:22  Marine  
  70  16:40  Marine  
  71  16:54  Terran Vehicle And Ship Armor Level 1  
  71  16:59  Marauder  
  73  17:15  Terran Infantry Weapons Level 2  
  73  17:20  Marauder  
  75  17:23  Command Center  
  75  17:41  Marine  
  76  17:59  Marine  
  77  18:16  Marine  
  67  18:34  Raven  
  67  18:35  Marauder  
  63  18:49  Refinery  
  63  18:51  Terran Ship Weapons Level 1, Refinery  
  63  18:56  Marine  
  64  19:13  Marine  
  65  19:17  Raven  
  67  19:31  Marine  
  68  19:41  Hellion  
  68  19:44  SCV  
  70  19:49  SCV, Marine  
  70  19:53  SCV  
  70  19:57  SCV  
  68  20:02  SCV, Hellion  
  68  20:06  SCV  
  68  20:07  Marauder  
  68  20:10  SCV  
  66  20:15  SCV  
  66  20:17  Viking  
  65  20:23  SCV  
  65  20:28  SCV  
  63  20:29  Marauder  
  63  20:32  SCV  
  66  20:36  SCV  
  66  20:38  Hellion  
  66  20:40  SCV  
  70  20:45  SCV  
  70  20:46  Command Center  
  70  20:49  SCV  
  72  20:50  Marine  
  72  20:53  SCV  
  71  20:58  SCV  
  71  20:59  Hellion  
  71  21:02  SCV  
  75  21:07  SCV  
  75  21:08  Marauder  
  67  21:11  SCV  
  67  21:15  Medivac  
  67  21:16  SCV  
  67  21:17  Supply Depot  
  58  21:20  SCV, Widow Mine  
  58  21:24  SCV  
  58  21:28  SCV  
  58  21:29  Marine  
  60  21:33  SCV  
  60  21:37  SCV  
  59  21:42  SCV  
  59  21:44  Viking  
  59  21:46  SCV  
  59  21:47  Marine  
  60  21:50  Factory Tech Lab  
  60  21:51  SCV  
  58  21:55  SCV  
  57  22:04  SCV, Marine  
  57  22:07  Widow Mine  
  57  22:08  SCV  
  57  22:14  Medivac  
  55  22:16  SCV, Command Center  
  55  22:20  SCV  
  55  22:22  Marine  
  55  22:28  SCV  
  45  22:32  SCV  
  46  22:38  Refinery  
  46  22:40  SCV, Marine  
  37  22:45  SCV  
  31  23:09  Refinery  
  31  23:11  Supply Depot  
  30  23:29  Supply Depot x2  
  29  23:36  Barracks  
  27  23:52  SCV  
  27  23:54  Supply Depot  
  18  24:04  SCV  
  19  24:16  SCV  
  20  24:19  Supply Depot  
  20  24:22  Marine  
  21  24:28  SCV  
  22  24:31  Command Center  
  22  24:40  SCV, Marine  
  24  24:46  Factory  
  24  24:48  Supply Depot  
  24  24:53  SCV  
  25  25:05  SCV  
  25  25:12  Supply Depot  
  21  25:17  SCV  
  19  25:26  Barracks  
  17  25:29  SCV  
  10  25:43  Command Center  
Tags
 
Add a new tag
Caveats
  • Supply blocks, unpowered buildings, or Contaminate may cause inaccurate times.
  • Supply counts are checked every 10 seconds.